 Dungeon Crawl Stone Soup version 0.30.2 (webtiles) character file.

Game seed: 18031773666137583658

4298 porpoise the Cleaver (level 10, 0/91 HPs)
             Began as a Hill Orc Fighter on Feb 22, 2024.
             Was an Initiate of Qazlal.
             Slain by a warg (9 damage)
             ... on level 8 of the Dungeon.
             The game lasted 00:30:09 (8620 turns).

porpoise the Cleaver (Hill Orc Fighter)             Turns: 8620, Time: 00:30:09

Health: 0/91       AC: 10    Str: 24    XL:     10   Next: 32%
Magic:  13/13      EV:  9    Int:  8    God:    Qazlal [......]
Gold:   217        SH: 10    Dex: 10    Spells: 9/9 levels left

rFire   + + .        a - +0 broad axe
rCold   + . .        h - +0 kite shield
rNeg    + . .        M - +2 ring mail {rF+}
rPois   +            m - +0 helmet
rElec   .            x - scarf {rC+ rF+}
rCorr   .            j - +0 pair of gloves
SInv    .            (no boots)
Will    .....        (no amulet) Stlth
                     d - ring of poison resistance
HPRegen 0.35/turn    D - ring of positive energy
MPRegen 0.13/turn

%: no passive effects
@: mighty
A: no striking features
a: Renounce Religion


You were on level 8 of the Dungeon.
You worshipped Qazlal.
Qazlal was noncommittal.
You visited 2 branches of the dungeon, and saw 9 of its levels.

You collected 574 gold pieces.
You spent 357 gold pieces at shops.

Inventory:

Hand Weapons
 a - a +0 broad axe (weapon)
 b - a +0 sling of flaming
Missiles
 p - a throwing net
 r - 4 poisoned darts
 u - 2 curare-tipped darts (quivered)
 E - 6 boomerangs
Armour
 c - a +0 buckler
 g - a scarf of repulsion
 h - a +0 kite shield (worn)
 j - a +0 pair of gloves (worn)
 m - a +0 helmet (worn)
 x - a scarf of resistance (worn)
 M - a +2 ring mail of fire resistance (worn)
Jewellery
 d - a ring of poison resistance (left hand)
 y - a ring of see invisible
 B - a ring of magical power
 C - a ring of ice
 D - a ring of positive energy (right hand)
 K - a +6 ring of intelligence
Wands
 q - a wand of flame (15)
 N - a wand of paralysis (5)
Scrolls
 f - a scroll of poison
 i - a scroll of torment {unknown}
 k - 5 scrolls of immolation
 l - a scroll of vulnerability
 n - 8 scrolls of teleportation
 s - a scroll of amnesia
 t - a scroll of noise
 F - a scroll of enchant armour
 I - 2 scrolls of blinking
Potions
 e - 2 potions of lignification
 o - 4 potions of mutation
 w - 3 potions of brilliance
 z - 3 potions of curing
 A - a potion of berserk rage
 G - a potion of haste
 H - a potion of flight
 L - a potion of resistance {unknown}


   Skills:
 - Level 9.0 Fighting
 + Level 13.2 Axes
 + Level 4.5 Armour
 + Level 8.1 Shields
 * Level 5.1 Invocations


You had 9 spell levels left.
You didn't know any spells.
Your spell library contained the following spells:

 Spells                   Type           Power      Damage    Failure   Level
 Slow                     Hex            0%         N/A       77%         1
 Call Canine Familiar     Summ           0%         N/A       98%         3
 Confusing Touch          Hex            0%         N/A       98%         3
 Dazzling Flash           Conj/Hex       0%         N/A       98%         3
 Portal Projectile        Hex/Tloc       0%         N/A       98%         3
 Vampiric Draining        Necr           0%         2d6       98%         3
 Leda's Liquefaction      Hex/Erth       0%         N/A       100%        4
 Agony                    Necr           0%         N/A       100%        5
 Silence                  Hex/Air        0%         N/A       100%        5


Dungeon Overview and Level Annotations

Branches:
Dungeon (8/15)             Temple (1/1) D:7
   Lair: D:8-11

Altars:
Ashenzari
Cheibriados
Elyvilon
Fedhas
Gozag
Hepliaklqana
Makhleb
Nemelex Xobeh
Qazlal
Ru
Sif Muna
Trog
Uskayaw
Vehumet
Wu Jian
Xom
Yredelemnul
Zin
The Shining One

Shops:
D:3 *   D:5 *

Annotations:
D:3 2 runed translucent doors, porpoise's ghost, amateur HOFi


Message History

The orc priest shouts, "Surrender to Beogh and we'll let you live!"
The orc priest hits you but does no damage.
You slash the orc priest!
You kill the orc priest!
Qazlal accepts your kill.
You hit the warg. You barely miss the warg. You block the warg's attack.
The warg barely misses you.
You completely miss something. You closely miss the warg. You slash the warg!
The warg bites you! The warg bites you but does no damage.
Something hits you but does no damage. You block the warg's attack.
You barely miss something. You barely miss the warg. You closely miss the warg.
You block the warg's attack. The warg bites you.
* * * LOW HITPOINT WARNING * * *
The warg barely misses you. Something hits you but does no damage.
You slash something! You closely miss the warg.
You hit the warg but do no damage. The warg closely misses you.
The warg bites you.
* * * LOW HITPOINT WARNING * * *
Something hits you but does no damage.
You miss something. You barely miss the warg. You closely miss the warg.
The warg bites you!
* * * LOW HITPOINT WARNING * * *
The warg closely misses you. Something hits you but does no damage.
The warg bites you but does no damage.
You closely miss something. You barely miss the warg. You slash the warg!
The warg bites you!
* * * LOW HITPOINT WARNING * * *
The warg barely misses you. Something hits you but does no damage.
You block the warg's attack.
You feel very mighty all of a sudden. The warg completely misses you.
The warg barely misses you. Something hits you but does no damage.
You closely miss something. You barely miss the warg. You slash the warg!
The warg barely misses you. The warg misses you.
Something hits you but does no damage. The warg bites you.
* * * LOW HITPOINT WARNING * * *
You closely miss something. You barely miss the warg. You miss the warg.
The warg completely misses you. You block the warg's attack.
Something hits you but does no damage. The warg bites you!
You die...

.# ... #.... .#
#..######..
########.....###.
#......####......
...#####......####.##...
.hhooh)............####.
.{o#####................
##{.........#####.
#@ho........#####.
#h####......##.... ...#
#......##.... #.###
#########.... ... #....
## #.... #####


You could see 2 wargs and an orc.

Vanquished Creatures
  Pikel (D:6)
  Grinder (D:5)
  A hornet (D:8)
  Prince Ribbit (D:8)
  2 wyverns
  Edmund (D:6)
  Menkaure (D:6)
  A warg (D:8)
  Duvessa (D:6)
  2 ice beasts (D:7)
  2 orc warriors
  2 sky beasts
  3 ogres
  A centaur (D:5)
  4 lemures
  2 bullfrogs
  3 scorpions
  A wight (D:8)
  Dowan (D:6)
  An electric eel (D:8)
  2 howler monkeys
  2 hounds
  2 jellies (D:5)
  8 orc priests
  3 sleepcaps
  A gnoll bouda (D:7)
  8 iguanas
  6 orc wizards
  A killer bee zombie (D:8)
  4 gnolls (D:7)
  10 adders
  A white imp (D:8)
  An ufetubus (D:5)
  3 worms
  2 dart slugs (D:2)
  10 orcs
  7 ball pythons
  5 bats
  11 endoplasms
  7 giant cockroaches
  6 goblins
  11 hobgoblins
  3 jackals
  7 kobolds
  2 quokkas (D:4)
  2 frilled lizards
  5 rats
162 creatures vanquished.

Vanquished Creatures (others)
  An orc wizard (D:6)
1 creature vanquished.

Grand Total: 163 creatures vanquished

Notes
Turn   | Place    | Note
-------+----------+-------------------------------------------
     0 | D:1      | porpoise the Hill Orc Fighter began the quest for the Orb.
     0 | D:1      | Reached XP level 1. HP: 19/19 MP: 1/1
   118 | D:1      | Reached skill level 3 in Axes
   127 | D:1      | Reached XP level 2. HP: 27/27 MP: 2/2
   798 | D:2      | Reached XP level 3. HP: 31/33 MP: 3/3
   986 | D:2      | Reached skill level 4 in Axes
  1444 | D:3      | Found an opulent altar of Gozag.
  1586 | D:3      | Found a large runed translucent door.
  1586 | D:3      | Found a large runed translucent door.
  1588 | D:3      | Noticed porpoise's ghost (amateur HOFi)
  2054 | D:3      | Found Necvinn's General Store.
  2060 | D:3      | Bought a potion of heal wounds for 60 gold pieces
  2060 | D:3      | Bought a scroll of teleportation for 36 gold pieces
  2257 | D:4      | Reached XP level 4. HP: 32/41 MP: 4/4
  2471 | D:4      | Noticed a scorpion
  2482 | D:4      | Killed a scorpion
  2483 | D:4      | Reached skill level 5 in Axes
  2483 | D:4      | Reached XP level 5. HP: 47/47 MP: 5/5
  2700 | D:4      | Reached skill level 5 in Fighting
  2701 | D:4      | Reached XP level 6. HP: 24/56 MP: 6/6
  2704 | D:4      | Reached skill level 6 in Axes
  3162 | D:4      | Reached skill level 5 in Shields
  3324 | D:4      | Reached XP level 7. HP: 60/61 MP: 7/7
  3342 | D:4      | Reached skill level 7 in Axes
  3635 | D:4      | Found a white marble altar of Elyvilon.
  3693 | D:5      | Entered Level 5 of the Dungeon
  3921 | D:5      | Found a burning altar of Makhleb.
  3954 | D:5      | Found Cudacia's Assorted Antiques.
  4301 | D:5      | Reached skill level 8 in Axes
  4772 | D:6      | Reached XP level 8. HP: 71/71 MP: 8/8
  4797 | D:6      | Noticed Pikel
  4800 | D:6      | Noticed Grinder
  5003 | D:5      | Paralysed by Grinder for 4 turns
  5011 | D:5      | Killed Grinder
  5012 | D:5      | Reached skill level 9 in Axes
  5311 | D:6      | Killed Pikel
  5312 | D:6      | Reached skill level 10 in Axes
  5389 | D:6      | Found a hide-covered altar of Uskayaw.
  5404 | D:6      | Noticed Menkaure
  5418 | D:6      | Noticed Dowan
  5421 | D:6      | Noticed Duvessa
  5435 | D:6      | Reached XP level 9. HP: 35/80 MP: 9/9
  5559 | D:6      | Killed Menkaure
  5560 | D:6      | Reached skill level 11 in Axes
  5907 | D:5      | Bought a scroll labelled ROPRER ITIRPHU for 29 gold pieces
  5907 | D:5      | Bought a scroll labelled ZOOFYFR ZYCSYPH for 29 gold pieces
  5949 | D:6      | Killed Duvessa
  5952 | D:6      | Killed Dowan
  5989 | D:6      | Noticed Edmund
  6008 | D:6      | Killed Edmund
  6009 | D:6      | Reached skill level 12 in Axes
  6390 | D:6      | Found a radiant altar of Vehumet.
  7051 | D:7      | Found a staircase to the Ecumenical Temple.
  7065 | Temple   | Entered the Ecumenical Temple
  7117 | Temple   | Became a worshipper of Qazlal Stormbringer
  7187 | D:7      | Found a hazy altar of Hepliaklqana.
  7230 | D:7      | Found a glowing silver altar of Zin.
  7380 | D:7      | Reached skill level 1 in Invocations
  7429 | D:7      | Found a sacrificial altar of Ru.
  7429 | D:7      | Found a basalt altar of Yredelemnul.
  7654 | D:7      | Found an ornate altar of the Wu Jian Council.
  7782 | D:7      | Reached XP level 10. HP: 91/91 MP: 10/12
  7927 | D:5      | Bought a glowing ring mail for 203 gold pieces
  8191 | D:8      | Reached skill level 13 in Axes
  8288 | D:8      | Noticed Prince Ribbit
  8301 | D:8      | Killed Prince Ribbit
  8491 | D:8      | Paralysed by a hornet for 2 turns
  8611 | D:8      | Reached skill level 5 in Invocations
  8620 | D:8      | Slain by a warg

Illustrated notes

Levels and vault maps discovered:
D:1:      enne_arrival_octagon_isle, layout_rooms
D:2:      layout_basic, minmay_split_cup_small
D:3:      layout_basic, nicolae_gozag_seed_capital, ebering_ghost_disaster_area,
          serial_corexii_hall, corexii_hall_statues_t, corexii_hall_statues_i,
          corexii_hall_statues_t, chequers_hall_statues_corner_a, serial_shops,
          nicolae_shop_rolling_square, grunt_decor_one_mirror
D:4:      minmay_thinvault, layout_gridville, nicolae_elyvilon_temple_path
D:5:      layout_loops_ring, bloody_makhleb, serial_shops,
          nicolae_take_the_stairs
D:6:      layout_cave_pools, vehumet_altar_wand_db,
          mainiacjoe_overflow_six_doors_small, cheibrodos_sewer_entry_sluice,
          uniq_grinder, uniq_menkaure, uniq_duvessa, uniq_pikel, uniq_edmund
D:7:      layout_basic, pdpol_wu_jian_five_deadly_venoms,
          mainiacjoe_overflow_chevrons, zin_academy,
          gammafunk_temple_overflow_pools, minmay_temple_entry_sparse_star,
          kennysheep_generic_room_15
D:8:      layout_basic, erik_lair_orcish_takeover, serial_undead,
          serial_undead_e, serial_undead_e, serial_undead_b, serial_undead_f,
          kennysheep_generic_room_3, uniq_prince_ribbit1
Temple:   kb_temple_of_zot

Skill      XL: |  1  2  3  4  5  6  7  8  9 10 |
---------------+-------------------------------+-----
Axes           | 3 4 5 6 8 10 12 13 | 13.2
Fighting       | 4 5 6 7 9 |  9.0
Shields        | 4 5 7 8 |  8.1
Invocations    | 2 5 |  5.1
Armour         | 4 |  4.5

Action                     |  1- 3 |  4- 6 |  7- 9 | 10-12 || total
---------------------------+-------+-------+-------+-------++-------
  Melee: War axe           |    18 |       |       |       ||    18
         Broad axe         |    74 |   124 |   275 |    58 ||   531
   Fire: Sling             |    21 |       |    18 |     4 ||    43
  Throw: Throwing net      |       |     2 |     1 |       ||     3
         Dart              |       |     1 |     5 |     3 ||     9
  Evoke: Wand              |       |       |       |     1 ||     1
    Use: Scroll            |     6 |     5 |     9 |     1 ||    21
         Potion            |       |     2 |     3 |     1 ||     6
   Stab: Held in net/web   |       |     3 |       |       ||     3
 Armour: Scale mail        |    46 |    81 |   101 |       ||   228
         Ring mail         |       |       |       |    23 ||    23
  Dodge: Dodged            |    44 |    63 |   107 |    32 ||   246
  Block: Buckler           |    18 |    24 |    44 |       ||    86
         Kite shield       |       |       |    28 |    23 ||    51
